 Dungeon Crawl Stone Soup version 0.29-a0-393-g47a863cc1b (webtiles) character file.

Game seed: 9378030391297465893

301815 IndexError the Illuminatus (level 21, 0/157 (171) HPs)
             Began as a Gnoll Ice Elementalist on May 6, 2022.
             Was an Elder of Ashenzari.
             Engulfed by Laem's ghost's freezing vapour (3 damage)
             ... on level 1 of the Snake Pit on May 9, 2022.
             The game lasted 03:10:41 (46119 turns).

IndexError the Illuminatus (GnIE)                  Turns: 46119, Time: 03:10:41

HP:   0/157 (171)   AC: 47    Str: 12    XL:     21   Next: 5%
MP:   30/41         EV: 17    Int: 34    God:    Ashenzari [****..]
Gold: 2512          SH: 16    Dex: 14    Spells: 9/53 levels left

rFire   + . .      SeeInvis +   q - staff of cold (curse) {rC+, Melee, Elem}
rCold   + . .      Faith    .   M - +2 kite shield "Esoteric Seer" {AC+3, Elem, Evo} (curse)
rNeg    . . .      Spirit   .   P - +4 ring mail {rF+}
rPois   +          Reflect  .   t - +2 helmet of the Shattered Planets {Int+3, Cun, Elem} (curse)
rElec   .          Harm     .   T - +2 cloak "Overhang to Understand" {rCorr, Elem, Fort} (curse)
rCorr   +          Rampage  ∞   Z - +0 pair of gloves of Rueg Gas {Regen+ Str+3}
Will    +....      Clarity  +   k - +3 pair of seven-league boots {Rampage+∞}
Stlth   ++++++....              B - amulet "Seer of the Stellar God" {Regen+ Slay+2, Fort, Elem} (curse)
HPRegen 1.96/turn               w - ring "Morality of the Sphere" {AC+4, Self, Melee} (curse)
MPRegen 0.27/turn               D - ring of the Enigmatic Seer {rPois AC+4 Int+8, Elem, Alch} (curse)

@: ice-armoured, drained
A: fangs 1, strong nose, distributed training
}: 2/15 runes: decaying, serpentine
a: Renounce Religion, Curse Item, Shatter the Chains


You were on level 1 of the Snake Pit.
You worshipped Ashenzari.
Ashenzari was greatly pleased with you.
You visited 7 branches of the dungeon, and saw 35 of its levels.
You visited the Abyss 1 time.
You also visited: Gauntlet and Ice Cave.

You collected 4451 gold pieces.
You spent 1939 gold pieces at shops.

Inventory:

Hand Weapons
 L - the +7 great mace "Firestarter" {inner flame, rF++}
   (You found it on level 1 of the Vaults)

   It burns those it strikes, dealing additional fire damage.
   It fills those it strikes with an explosive inner flame.
   It grants immunity to clouds of flame.
   rF:        It greatly protects you from fire.
Missiles
 y - 6 throwing nets {=f, !d}
 I - 4 curare-tipped darts
Armour
 k - the +3 pair of seven-league boots (worn) {Rampage+∞}
   (You found it on level 6 of the Lair of Beasts)

   Its wearer moves as far as possible in that direction when moving towards
   enemies.
 r - a +0 animal skin
   (You took it off an ironbound thunderhulk on level 2 of the Vaults)
 t - the cursed +2 helmet of the Shattered Planets (worn) {Int+3, Cun, Elem}
   (You found it in a Gauntlet)

   It has a curse which improves the following skills: Cunning: Dodging and
   Stealth.
   Elements:  Fire Magic, Ice Magic, Air Magic and Earth Magic.
 M - the cursed +2 kite shield "Esoteric Seer" (worn) {AC+3, Elem, Evo}
   (You took it off a naga warrior on level 4 of the Snake Pit)

   It has a curse which improves the following skills: Elements: Fire Magic, Ice
   Magic, Air Magic and Earth Magic.
   Evocations: Evocations.
 P - a +4 ring mail of fire resistance (worn)
   (You took it off a minotaur in a Gauntlet)
 T - the cursed +2 cloak "Overhang to Understand" (worn) {rCorr, Elem, Fort}
   (You took it off Maurice on level 8 of the Dungeon)

   It has a curse which improves the following skills: Elements: Fire Magic, Ice
   Magic, Air Magic and Earth Magic.
   Fortitude: Armour and Shields.
 Z - the +0 pair of gloves of Rueg Gas (worn) {Regen+ Str+3}
   (You bought it in a shop on level 15 of the Dungeon)

   Str:       It affects your strength (+3).
   Regen:     It increases your rate of health regeneration.
Magical Staves
 q - a cursed staff of cold (weapon) {rC+, Melee, Elem}
   (You took it off an orc on level 5 of the Dungeon)
Jewellery
 w - the cursed ring "Morality of the Sphere" (left hand) {AC+4, Self, Melee}
   (You found it on level 2 of the Lair of Beasts)

   [ring of protection]

   AC:        It affects your AC (+4).
   It has a curse which improves the following skills: Introspection: Fighting
   and Spellcasting.
   Melee Combat: Short Blades, Long Blades, Axes, Maces & Flails, Polearms,
   Staves and Unarmed Combat.
 B - the cursed amulet "Seer of the Stellar God" (around neck) {Regen+ Slay+2, Fort, Elem}
   (You found it on level 11 of the Dungeon)

   [amulet of regeneration]

   Slay:      It affects your accuracy & damage with ranged weapons and melee
   (+2).
   Regen:     It increases your rate of health regeneration.
   It has a curse which improves the following skills: Fortitude: Armour and
   Shields.
   Elements:  Fire Magic, Ice Magic, Air Magic and Earth Magic.
 D - the cursed ring of the Enigmatic Seer (right hand) {rPois AC+4 Int+8, Elem, Alch}
   (You bought it in a shop on level 14 of the Dungeon)

   [ring of protection]

   AC:        It affects your AC (+4).
   Int:       It affects your intelligence (+8).
   rPois:     It protects you from poison.
   It has a curse which improves the following skills: Elements: Fire Magic, Ice
   Magic, Air Magic and Earth Magic.
   Alchemy:   Poison Magic and Transmutations.
Wands
 a - a wand of digging (4)
   (You found it on level 1 of the Snake Pit)
 l - a wand of polymorph (21)
   (You found it on level 4 of the Dungeon)
 u - a wand of acid (19)
   (You found it on level 11 of the Dungeon)
 N - a wand of iceblast (38)
   (You found it on level 7 of the Dungeon)
 Q - a wand of paralysis (23)
   (You found it on level 8 of the Dungeon)
 S - a wand of flame (78)
   (You found it on level 6 of the Dungeon)
 V - a wand of mindburst (16)
   (You found it on level 10 of the Dungeon)
Scrolls
 e - 2 scrolls of silence
 h - 4 scrolls of amnesia
 m - 4 scrolls of poison {!r}
 n - 10 scrolls of fog
 p - 9 scrolls of teleportation
 A - 2 scrolls of enchant armour
 G - 4 scrolls of magic mapping {!r}
 K - 3 scrolls of fear
 O - a scroll of brand weapon
 R - a scroll of enchant weapon
 X - 5 scrolls of vulnerability {!r!r}
Potions
 b - 4 potions of magic
 c - 22 potions of curing
 d - 7 potions of flight
 f - 5 potions of berserk rage {!q}
 g - 8 potions of lignification {!q}
 i - a potion of cancellation
 j - a potion of invisibility
 o - 13 potions of heal wounds
 s - 4 potions of haste
 v - 2 potions of ambrosia
 x - 3 potions of might
 z - a potion of resistance
 C - 6 potions of brilliance
 E - 6 potions of mutation {!q}
 H - 2 potions of attraction {!q}
Miscellaneous
 F - a condenser vane (inert)
   (You found it in a Gauntlet)
 J - a lightning rod (4/4)
   (You found it on level 3 of the Swamp)
 Y - a box of beasts (inert)
   (You found it in a Gauntlet)


   Skills:
 + Level 14.1(16.0) Fighting
 + Level 14.1(17.0) Short Blades
 + Level 14.1(17.0) Long Blades
 + Level 14.1(17.0) Axes
 + Level 14.1(17.0) Maces & Flails
 + Level 14.1(17.0) Polearms
 + Level 14.1(17.0) Staves
 + Level 14.1 Slings
 + Level 14.1 Bows
 + Level 14.1 Crossbows
 + Level 14.1 Throwing
 + Level 14.1(17.0) Armour
 + Level 14.8(16.7) Dodging
 + Level 14.7(16.5) Stealth
 + Level 14.1(17.0) Shields
 + Level 14.1(17.0) Unarmed Combat
 + Level 14.9(16.8) Spellcasting
 + Level 12.0 Conjurations
 + Level 12.0 Hexes
 + Level 12.0 Summonings
 + Level 12.0 Necromancy
 + Level 12.0 Translocations
 + Level 12.0(13.9) Transmutations
 + Level 12.0(18.3) Fire Magic
 + Level 13.8(20.1) Ice Magic
 + Level 12.0(18.3) Air Magic
 + Level 12.0(18.3) Earth Magic
 + Level 12.0(13.9) Poison Magic
 + Level 15.3 Invocations
 + Level 14.1(16.0) Evocations


You had 9 spell levels left.
You knew the following spells:

 Your Spells              Type           Power      Damage    Failure   Level
a - Foxfire               Conj/Fire      100%       2x1d9     0%          1
b - Frozen Ramparts       Ice            100%       1d12      0%          3
c - Ignite Poison         Fire/Tmut/Pois 93%        N/A       1%          3
d - Airstrike             Air            50%        N/A       1%          4
e - Freezing Cloud        Conj/Ice/Air   60%        6-21      1%          5
g - Ensorcelled Hibernat  Hex/Ice        100%       N/A       0%          2
h - Simulacrum            Ice/Necr       59%        N/A       1%          6
i - Summon Lightning Spi  Summ/Air       93%        N/A       1%          4
j - Flame Wave            Conj/Fire      93%        2d16      1%          4
k - Iron Shot             Conj/Erth      46%        9d9       1%          6
x - Mephitic Cloud        Conj/Pois/Air  92%        N/A       1%          3
A - Ozocubu's Armour      Ice            100%       N/A       0%          3

Your spell library contained the following spells:

 Spells                   Type           Power      Damage    Failure   Level
 Freeze                   Ice            100%       1d11      0%          1
 Sandblast                Erth           100%       2d20      0%          1
 Shock                    Conj/Air       100%       1d9       0%          1
 Passwall                 Tmut/Erth      79%        N/A       0%          2
 Scorch                   Fire           100%       2d10      0%          2
 Static Discharge         Conj/Air       93%        N/A       0%          2
 Swiftness                Air            100%       N/A       0%          3
 Animate Skeleton         Necr           100%       N/A       1%          1
 Pain                     Necr           100%       1d9       1%          1
 Slow                     Hex            100%       N/A       1%          1
 Confusing Touch          Hex            84%        N/A       1%          3
 Conjure Flame            Conj/Fire      93%        6-21      1%          3
 Dazzling Flash           Conj/Hex       100%       N/A       1%          3
 Gell's Gravitas          Tloc           84%        N/A       1%          3
 Inner Flame              Hex/Fire       93%        N/A       1%          3
 Lesser Beckoning         Tloc           84%        N/A       1%          3
 Portal Projectile        Hex/Tloc       100%       N/A       1%          3
 Spider Form              Tmut/Pois      89%        N/A       1%          3
 Teleport Other           Tloc           84%        N/A       1%          3
 Vampiric Draining        Necr           84%        2d12      1%          3
 Anguish                  Hex/Necr       42%        N/A       1%          4
 Dispel Undead            Necr           84%        3d27      1%          4
 Hailstorm                Conj/Ice       100%       3d20      1%          4
 Ice Form                 Ice/Tmut       100%       N/A       1%          4
 Iskenderun's Mystic Bla  Conj/Tloc      84%        2d17      1%          4
 Leda's Liquefaction      Hex/Erth       46%        N/A       1%          4
 Olgreb's Toxic Radiance  Pois           89%        N/A       1%          4
 Sticky Flame             Conj/Fire      93%        2d10      1%          4
 Summon Ice Beast         Ice/Summ       100%       N/A       1%          4
 Alistair's Intoxication  Tmut/Pois      59%        N/A       1%          5
 Blade Hands              Tmut           44%        N/A       1%          5
 Borgnjor's Vile Clutch   Necr/Erth      46%        N/A       1%          5
 Excruciating Wounds      Necr           42%        N/A       1%          5
 Lee's Rapid Deconstruct  Erth           50%        3d25*     1%          5
 Lightning Bolt           Conj/Air       46%        1d66      1%          5
 Silence                  Hex/Air        46%        N/A       1%          5
 Eringya's Noxious Bog    Tmut/Pois      44%        N/A       1%          6
 Starburst                Conj/Fire      46%        6d13      1%          6
 Statue Form              Tmut/Erth      63%        N/A       1%          6
 Ozocubu's Refrigeration  Ice            64%        4d17      1%          7
 Dispersal                Tloc           42%        N/A       3%          6
 Storm Form               Tmut/Air       47%        N/A       4%          7
 Ignition                 Fire           50%        3d14      13%         8
 Maxwell's Capacitive Co  Air            50%        ∞         13%         8
 Polar Vortex             Ice            64%        N/A       67%         9
 Necromutation            Tmut/Necr      43%        N/A       75%         8
 Borgnjor's Revivificati  Necr           42%        N/A       86%         8
 Discord                  Hex            42%        N/A       86%         8
 Disjunction              Tloc           42%        N/A       86%         8
 Death's Door             Necr           42%        N/A       100%        9


Dungeon Overview and Level Annotations

Branches:
Dungeon (15/15)            Temple (1/1) D:6            Lair (6/6) D:10
  Swamp (4/4) Lair:4        Snake (4/4) Lair:3        Slime (0/5) Lair:5
    Orc (2/2) D:11            Elf (0/3) Orc:2        Vaults (3/5) D:13
  Crypt (0/3) Vaults:2     Depths (0/4) D:15          IceCv (visited)
Gauntlet (visited)

Altars:
Ashenzari
Cheibriados
Dithmenos
Elyvilon
Fedhas
Gozag
Hepliaklqana
Kikubaaqudgha
Makhleb
Nemelex Xobeh
Okawaru
Qazlal
Ru
Sif Muna
Trog
Uskayaw
Vehumet
Wu Jian
Xom
Yredelemnul
Zin
The Shining One
Beogh
Jiyva

Shops:
D:2 !   D:8 [   D:14 =   D:15 [   Orc:2 [(=*   Snake:2 ?[   Snake:3 (
Vaults:1 *?:[   Vaults:2 (

Portals:
Trove: D:12 (give 6 scrolls of blinking)

Annotations:
Snake:1 Laem's ghost, adept DgAE; Roink's ghost, adept TrMo
Snake:4 Bai Suzhen
Vaults:2 Mennas


Innate Abilities, Weirdness & Mutations

You have very sharp teeth.
Your uncanny sense of smell can sniff out nearby items.
Your experience applies equally to all skills.


Message History

The wall freezes Roink's ghost.
The wall freezes Zoites's ghost!
Zoites's ghost hits you but does no damage.
You feel drained.
Laem's ghost resists.
The wall freezes Laem's ghost.
Laem's ghost casts a spell.
You are struck by an arc of lightning!
Zoites's ghost is struck by an arc of lightning!!
You take 9 damage, and have 62/161 hp.
Your icy armour and frozen ramparts will break if you move.
Continue?
Okay, then.
Casting: Frozen Ramparts (safe; 0% risk of failure)
Confirm with . or Enter, or press ? or * to list all spells.
You can't see any susceptible monsters within range! (Use Z to cast anyway.) Unknown command.
Unknown command.
Casting: Frozen Ramparts (safe; 0% risk of failure)
Confirm with . or Enter, or press ? or * to list all spells.
Aiming: Mephitic Cloud (safe; 1% risk of failure)
Press: ? - help, Shift-Dir - straight line, f - Roink's ghost
Aim: Roink's ghost (lightly damaged, not susceptible)
The ball explodes into a vile cloud!
The stinking cloud engulfs Roink's ghost but does no damage.
Roink's ghost completely resists.
The wall freezes Roink's ghost but does no damage.
Laem's ghost resists.
The wall freezes Laem's ghost.
Laem's ghost hits you but does no damage.
You feel drained.
You regained 2 hp, and now have 64/160 hp.
You now have 31/41 mp.
Casting: Mephitic Cloud (safe; 1% risk of failure)
Confirm with . or Enter, or press ? or * to list all spells.
You ignite the poison in your surroundings!
Roink's ghost resists.
The wall freezes Roink's ghost.
Roink's ghost hits you!
Laem's ghost resists.
The wall freezes Laem's ghost.
You block Laem's ghost's attack.
You take 11 damage, and have 53/160 hp.
You now have 28/41 mp.
You hit Roink's ghost. You freeze Roink's ghost.
You bite Roink's ghost, but do no damage.
Roink's ghost is engulfed in blazing flames.
Roink's ghost resists.
The wall freezes Roink's ghost.
Roink's ghost hits you but does no damage.
Laem's ghost resists.
The wall freezes Laem's ghost.
Laem's ghost gestures wildly while chanting.
You are struck by an arc of lightning!
* * * LOW HITPOINT WARNING * * *
Laem's ghost is struck by an arc of lightning.
You are struck by an arc of lightning.
* * * LOW HITPOINT WARNING * * *
You take 13 damage, and have 40/160 hp.
You hit Roink's ghost but do no damage. Your bite misses Roink's ghost.
Roink's ghost completely resists.
The wall freezes Roink's ghost but does no damage.
You block Roink's ghost's attack.
You regained 2 hp, and now have 42/160 hp.
You hit Roink's ghost but do no damage. You freeze Roink's ghost.
Laem's ghost resists.
The wall freezes Laem's ghost.
You block Laem's ghost's attack.
You hit Roink's ghost but do no damage. You freeze Roink's ghost.
Roink's ghost completely resists.
The wall freezes Roink's ghost but does no damage.
Roink's ghost hits you but does no damage.
Laem's ghost resists.
The wall freezes Laem's ghost.
Laem's ghost gestures at you while chanting.
The bolt of lightning misses you.
The bolt of lightning hits Roink's ghost!
Roink's ghost resists.
You hit Roink's ghost. You freeze Roink's ghost.
Roink's ghost is engulfed in blazing flames.
Roink's ghost completely resists.
The wall freezes Roink's ghost but does no damage.
You block Roink's ghost's attack.
You regained 2 hp, and now have 46/160 hp.
You hit Roink's ghost but do no damage. You freeze Roink's ghost.
You bite Roink's ghost, but do no damage.
Laem's ghost resists.
The wall freezes Laem's ghost.
Laem's ghost hits you!
* * * LOW HITPOINT WARNING * * *
You feel drained.
* * * LOW HITPOINT WARNING * * *
You take 8 damage, and have 38/157 hp.
You hit Roink's ghost but do no damage. You freeze Roink's ghost.
Roink's ghost resists.
The wall freezes Roink's ghost.
Roink's ghost hits you!
* * * LOW HITPOINT WARNING * * *
Laem's ghost resists.
The wall freezes Laem's ghost.
Laem's ghost whispers, "They're coming for you..."
Laem's ghost gestures wildly while chanting.
You are struck by an arc of lightning!
* * * LOW HITPOINT WARNING * * *
You take 18 damage, and have 20/157 hp.
You hit Roink's ghost but do no damage. You freeze Roink's ghost.
You bite Roink's ghost, but do no damage.
Roink's ghost resists.
The wall freezes Roink's ghost.
Roink's ghost hits you but does no damage.
You regained 2 hp, and now have 22/157 hp.
You hit Roink's ghost! You freeze Roink's ghost.
The frozen ramparts melt away.
Laem's ghost points at you and mumbles some strange words.
The freezing blast engulfs you!! You resist.
* * * LOW HITPOINT WARNING * * *
You take 19 damage, and have 3/157 hp.
You closely miss Roink's ghost.
You are engulfed in freezing vapours.
You resist.
You die...

####.#........#....8##..#.
###.#.##.#...#.....!#..#.
##.#........'.....[#..#.
##.#..#.#...'.....8####.
##.#....#..W'W...."####.
###'#...##...#W....? ##.
#....☼.......#....8# ##.
#....☼○#####.#)8.(## ###.
#....☼○W@W○°.###########.
##....☼☼#######.#.#.......
####....§.#######.#.########
#.........## ####.#.......(.
#....###### #####.##########
#....## #...(...........
#..).# #.##.###########
#....# #.##.###########
###### #.#...# ###


You could see Laem's ghost (swift) and Roink's ghost.

Vanquished Creatures
  Sojobo (Vaults:1)
  Saint Roka (Snake:2)
  The ghost of Weosaxue the Earth Mage, an adept GrEE of Vehumet (Vaults:2)
  A tentacled monstrosity (Swamp:3)
  The ghost of Timehuis the Marksant, an adept FoAr of Gozag (Snake:1)
  2 sphinxes
  A thorn hunter (Swamp:3)
  Kirke (Swamp:3)
  2 tengu reavers
  Donald (Swamp:4)
  A fenstrider witch (Swamp:4)
  12 nagarajas
  A deep elf sorcerer (Vaults:3)
  The ghost of Thargor the Nimble, a journeyman DjFE of the Shining One (D:13)
  2 orc warlords (Orc:2)
  2 frost giants
  The ghost of Luoshulo the Spry, a journeyman DsBe of Trog (D:15)
  6 vault wardens
  9 ironbound preservers
  6 very ugly things
  An ironbound thunderhulk (Vaults:2)
  2 stone giants
  5 eleionomae
  A minotaur (Gauntlet)
  5 bunyips
  8 dire elephants
  Snorg (D:12)
  A crystal guardian (Vaults:2)
  2 green deaths (Swamp:4)
  2 shambling mangroves (Swamp:3)
  7 great orbs of eyes
  3 yaktaur captains
  A fire dragon (D:11)
  Erolcha (D:9)
  A peacekeeper (Vaults:2)
  13 hydras
  A salamander tyrant (Snake:2)
  2 vault guards (Vaults:1)
  10 boulder beetles
  Fannar (Lair:3)
  3 ghost crabs
  Harold (Orc:1)
  A hell beast (Swamp:4)
  An ice dragon (D:11)
  17 anacondas
  4 ironbound frosthearts
  2 death knights (Vaults:2)
  3 catoblepae (Lair:6)
  12 centaur warriors
  Erica (D:11)
  9 naga warriors
  5 alligators
  7 two-headed ogres
  A deep troll shaman (Lair:6)
  4 orc high priests (Orc:2)
  13 death yaks
  A tengu warrior (D:13)
  10 naga sharpshooters
  11 shock serpents
  A deep elf knight (Snake:2)
  Nergalle (D:11)
  5 salamander mystics
  7 skeletal warriors
  A fire crab (Lair:6)
  5 goliath frogs
  A death drake (Swamp:3)
  8 bog bodies
  26 deep trolls
  7 sea snakes (Snake:4)
  3 spriggan druids (Swamp:3)
  A deep elf archer (Snake:2)
  A phantasmal warrior (D:13)
  4 naga ritualists
  11 ironbound convokers
  9 swamp dragons
  Pikel (D:4)
  7 orc knights
  5 harpies (Vaults:1)
  9 lindwurms
  2 wizards
  A wolf spider (D:11)
  15 mana vipers
  2 deep elf pyromancers
  19 salamanders
  An oklob plant (Lair:3)
  4 will-o-the-wisps
  3 orc sorcerers (Orc:2)
  6 cyclopes
  10 elephants
  23 ugly things
  4 manticores
  17 naga magi
  4 guardian serpents
  An ice statue (IceCv)
  An eye of devastation (shapeshifter) (D:13)
  37 black mambas
  11 vault sentinels
  Maurice (D:8)
  A torpor snail (Lair:2)
  A smoke demon (Abyss:2)
  9 rime drakes
  13 cane toads
  An orange demon (Swamp:4)
  An unseen horror (D:13)
  An efreet (D:13)
  9 komodo dragons
  A tengu conjurer (D:13)
  A bloated husk (Swamp:3)
  5 yaktaurs (Vaults:1)
  6 trolls
  12 polar bears
  A meliai (shapeshifter) (D:14)
  12 tyrant leeches
  17 blink frogs
  27 slime creatures
  18 hornets
  Sigmund (D:3)
  The ghost of cheechan the Conjurer, an amateur OpCj (D:4)
  A ynoxinul (D:13)
  12 spriggans
  A vampire (D:5)
  3 shadows (Swamp:4)
  15 wyverns
  3 wraiths
  2 centaur simulacra (Gauntlet)
  3 hogs (Swamp:3)
  2 water elementals
  8 basilisks
  78 yaks
  A redback (Vaults:1)
  15 vampire mosquitoes
  4 wargs
  A steam dragon (D:10)
  3 large abominations (Swamp:4)
  17 swamp worms
  37 nagas
  2 hell hounds
  Duvessa (D:6)
  17 water moccasins
  An ice beast (D:7)
  2 sky beasts
  2 swamp drakes
  42 orc warriors
  2 black bears
  4 ogres
  41 wolves
  11 centaurs
  5 boggarts (Vaults:1)
  A lemure (D:4)
  2 phantoms
  2 small abominations
  3 kobold brigands
  9 bullfrogs
  3 scorpions
  A gnoll sergeant (D:10)
  A wight (D:8)
  A hornet simulacrum (Gauntlet)
  Dowan (D:6)
  15 killer bees
  9 howler monkeys
  9 electric eels
  A bullfrog zombie (D:4)
  A bullfrog skeleton (D:4)
  21 orc priests
  A gnoll shaman (D:7)
  5 hounds
  A jelly (D:6)
  3 iguanas
  24 orc wizards
  6 hell rats (Lair:5)
  Robin (D:4)
  25 gnolls
  8 adders
  13 white imps
  3 dart slugs
  121 orcs
  3 bats
  2 endoplasms (D:2)
  10 goblins
  12 hobgoblins
  12 jackals (D:5)
  A quokka (D:2)
  9 ball pythons
  6 frilled lizards
  12 kobolds
  2 rats
  6 briar patches (Swamp:3)
  A bush (Lair:6)
  A butterfly (Lair:3)
  2 foxfires
1346 creatures vanquished.

Vanquished Creatures (collateral kills)
  A tengu reaver (Vaults:2)
  Roxanne (D:15)
  2 ironbound thunderhulks
  An entropy weaver (Vaults:1)
  An ironbound convoker (Vaults:1)
  A komodo dragon (Lair:1)
  23 foxfires
30 creatures vanquished.

Vanquished Creatures (others)
  The ghost of Zoites the Severer, an adept NaFi of Cheibriados (Snake:1)
  A spriggan (Swamp:3)
  A will-o-the-wisp (Swamp:3)
  A naga mage (Snake:2)
  7 bloated husks
  A hornet (Swamp:3)
  A human (Swamp:3)
  3 vampire mosquitoes (Swamp:2)
  An orc warrior (Orc:2)
  An orc (Snake:2)
  1402 foxfires
  37 fungi
  40 plants
  A withered plant (Gauntlet)
1498 creatures vanquished.

Grand Total: 2874 creatures vanquished

Notes
Turn   | Place    | Note
-------+----------+-------------------------------------------
     0 | D:1      | IndexError the Gnoll Ice Elementalist began the quest for
                  | the Orb.
     0 | D:1      | Reached XP level 1. HP: 13/13 MP: 6/6
   522 | D:1      | Reached XP level 2. HP: 11/19 MP: 4/7
  1047 | D:1      | Found a faded altar of an unknown god.
  1793 | D:2      | Reached XP level 3. HP: 23/25 MP: 7/9
  1822 | D:2      | Found Myvo's Distillery.
  1942 | D:2      | Reached skill level 5 in Spellcasting
  2152 | D:3      | Noticed Sigmund
  2162 | D:4      | Reached skill level 1 in Fighting
  2162 | D:4      | Reached skill level 1 in Short Blades
  2162 | D:4      | Reached skill level 1 in Long Blades
  2162 | D:4      | Reached skill level 1 in Axes
  2162 | D:4      | Reached skill level 1 in Maces & Flails
  2162 | D:4      | Reached skill level 1 in Polearms
  2162 | D:4      | Reached skill level 1 in Staves
  2162 | D:4      | Reached skill level 1 in Slings
  2162 | D:4      | Reached skill level 1 in Bows
  2162 | D:4      | Reached skill level 1 in Crossbows
  2162 | D:4      | Reached skill level 1 in Throwing
  2162 | D:4      | Reached skill level 1 in Armour
  2162 | D:4      | Reached skill level 1 in Shields
  2162 | D:4      | Reached skill level 1 in Unarmed Combat
  2162 | D:4      | Reached skill level 1 in Invocations
  2162 | D:4      | Reached skill level 1 in Evocations
  2216 | D:4      | Learned a level 3 spell: Frozen Ramparts
  2220 | D:4      | Learned a level 3 spell: Ozocubu's Armour
  2258 | D:3      | Killed Sigmund
  2259 | D:3      | Reached skill level 1 in Conjurations
  2259 | D:3      | Reached skill level 1 in Hexes
  2259 | D:3      | Reached skill level 1 in Summonings
  2259 | D:3      | Reached skill level 1 in Necromancy
  2259 | D:3      | Reached skill level 1 in Translocations
  2259 | D:3      | Reached skill level 1 in Transmutations
  2259 | D:3      | Reached skill level 1 in Fire Magic
  2259 | D:3      | Reached skill level 1 in Air Magic
  2259 | D:3      | Reached skill level 1 in Earth Magic
  2259 | D:3      | Reached skill level 1 in Poison Magic
  2259 | D:3      | Reached XP level 4. HP: 24/33 MP: 1/11
  2259 | D:3      | Reached XP level 5. HP: 27/38 MP: 1/12
  2374 | D:3      | Reached XP level 6. HP: 44/44 MP: 13/13
  2418 | D:3      | Reached skill level 2 in Invocations
  2546 | D:3      | Reached skill level 5 in Dodging
  2635 | D:3      | Found a hazy altar of Hepliaklqana.
  2768 | D:3      | Reached skill level 2 in Fighting
  2768 | D:3      | Reached skill level 2 in Short Blades
  2768 | D:3      | Reached skill level 2 in Long Blades
  2768 | D:3      | Reached skill level 2 in Axes
  2768 | D:3      | Reached skill level 2 in Maces & Flails
  2768 | D:3      | Reached skill level 2 in Polearms
  2768 | D:3      | Reached skill level 2 in Staves
  2768 | D:3      | Reached skill level 2 in Slings
  2768 | D:3      | Reached skill level 2 in Bows
  2768 | D:3      | Reached skill level 2 in Crossbows
  2768 | D:3      | Reached skill level 2 in Throwing
  2768 | D:3      | Reached skill level 2 in Armour
  2768 | D:3      | Reached skill level 2 in Shields
  2768 | D:3      | Reached skill level 2 in Unarmed Combat
  2768 | D:3      | Reached skill level 2 in Evocations
  3018 | D:4      | Reached XP level 7. HP: 50/50 MP: 15/15
  3019 | D:4      | Noticed Robin
  3036 | D:4      | Killed Robin
  3139 | D:4      | Noticed Pikel
  3167 | D:4      | Killed Pikel
  3168 | D:4      | Reached skill level 5 in Stealth
  3168 | D:4      | Reached skill level 2 in Conjurations
  3168 | D:4      | Reached skill level 2 in Hexes
  3168 | D:4      | Reached skill level 2 in Summonings
  3168 | D:4      | Reached skill level 2 in Necromancy
  3168 | D:4      | Reached skill level 2 in Translocations
  3168 | D:4      | Reached skill level 2 in Transmutations
  3168 | D:4      | Reached skill level 2 in Fire Magic
  3168 | D:4      | Reached skill level 2 in Air Magic
  3168 | D:4      | Reached skill level 2 in Earth Magic
  3168 | D:4      | Reached skill level 2 in Poison Magic
  3168 | D:4      | Reached skill level 3 in Invocations
  3168 | D:4      | Reached XP level 8. HP: 57/57 MP: 7/16
  3321 | D:4      | HP: 10/57 [ogre/+0 giant club (25)]
  3324 | D:4      | Reached skill level 3 in Fighting
  3324 | D:4      | Reached skill level 3 in Short Blades
  3324 | D:4      | Reached skill level 3 in Long Blades
  3324 | D:4      | Reached skill level 3 in Axes
  3324 | D:4      | Reached skill level 3 in Maces & Flails
  3324 | D:4      | Reached skill level 3 in Polearms
  3324 | D:4      | Reached skill level 3 in Staves
  3324 | D:4      | Reached skill level 3 in Slings
  3324 | D:4      | Reached skill level 3 in Bows
  3324 | D:4      | Reached skill level 3 in Crossbows
  3324 | D:4      | Reached skill level 3 in Throwing
  3324 | D:4      | Reached skill level 3 in Armour
  3324 | D:4      | Reached skill level 3 in Shields
  3324 | D:4      | Reached skill level 3 in Unarmed Combat
  3324 | D:4      | Reached skill level 3 in Evocations
  3707 | D:4      | Reached skill level 6 in Spellcasting
  3854 | D:4      | Found a runed translucent gate.
  3854 | D:4      | Found a runed translucent gate.
  3855 | D:4      | Found a runed translucent gate.
  3858 | D:4      | Noticed cheechan's ghost (amateur OpCj)
  3990 | D:4      | Killed cheechan's ghost
  4073 | D:5      | Entered Level 5 of the Dungeon
  4153 | D:5      | Reached skill level 3 in Conjurations
  4153 | D:5      | Reached skill level 3 in Hexes
  4153 | D:5      | Reached skill level 3 in Summonings
  4153 | D:5      | Reached skill level 3 in Necromancy
  4153 | D:5      | Reached skill level 3 in Translocations
  4153 | D:5      | Reached skill level 3 in Transmutations
  4153 | D:5      | Reached skill level 3 in Fire Magic
  4153 | D:5      | Reached skill level 3 in Air Magic
  4153 | D:5      | Reached skill level 3 in Earth Magic
  4153 | D:5      | Reached skill level 3 in Poison Magic
  4153 | D:5      | Reached skill level 4 in Invocations
  4268 | D:5      | Reached skill level 6 in Dodging
  4450 | D:5      | Reached XP level 9. HP: 65/65 MP: 18/18
  4862 | D:5      | Reached skill level 4 in Fighting
  4862 | D:5      | Reached skill level 4 in Short Blades
  4862 | D:5      | Reached skill level 4 in Long Blades
  4862 | D:5      | Reached skill level 4 in Axes
  4862 | D:5      | Reached skill level 4 in Maces & Flails
  4862 | D:5      | Reached skill level 4 in Polearms
  4862 | D:5      | Reached skill level 4 in Staves
  4862 | D:5      | Reached skill level 4 in Slings
  4862 | D:5      | Reached skill level 4 in Bows
  4862 | D:5      | Reached skill level 4 in Crossbows
  4862 | D:5      | Reached skill level 4 in Throwing
  4862 | D:5      | Reached skill level 4 in Armour
  4862 | D:5      | Reached skill level 4 in Shields
  4862 | D:5      | Reached skill level 4 in Unarmed Combat
  4862 | D:5      | Reached skill level 4 in Evocations
  5178 | D:5      | Reached skill level 6 in Stealth
  5178 | D:5      | Reached skill level 8 in Ice Magic
  5469 | D:6      | Found a staircase to the Ecumenical Temple.
  5521 | Temple   | Entered the Ecumenical Temple
  5757 | Temple   | Became a worshipper of Ashenzari the Shackled
  6197 | D:6      | Noticed Dowan
  6503 | D:6      | Noticed Duvessa
  6555 | D:6      | Reached skill level 5 in Invocations
  6733 | D:6      | Killed Duvessa
  6745 | D:6      | Killed Dowan
  6746 | D:6      | Reached skill level 7 in Spellcasting
  7007 | D:7      | Reached skill level 4 in Conjurations
  7007 | D:7      | Reached skill level 4 in Hexes
  7007 | D:7      | Reached skill level 4 in Summonings
  7007 | D:7      | Reached skill level 4 in Necromancy
  7007 | D:7      | Reached skill level 4 in Translocations
  7007 | D:7      | Reached skill level 4 in Transmutations
  7007 | D:7      | Reached skill level 4 in Fire Magic
  7007 | D:7      | Reached skill level 4 in Air Magic
  7007 | D:7      | Reached skill level 4 in Earth Magic
  7007 | D:7      | Reached skill level 4 in Poison Magic
  7007 | D:7      | Reached XP level 10. HP: 73/73 MP: 14/20
  7579 | D:8      | Found Zerchyom's Armour Boutique.
  7626 | D:8      | Reached skill level 5 in Fighting
  7626 | D:8      | Reached skill level 5 in Short Blades
  7626 | D:8      | Reached skill level 5 in Long Blades
  7626 | D:8      | Reached skill level 5 in Axes
  7626 | D:8      | Reached skill level 5 in Maces & Flails
  7626 | D:8      | Reached skill level 5 in Polearms
  7626 | D:8      | Reached skill level 5 in Staves
  7626 | D:8      | Reached skill level 5 in Slings
  7626 | D:8      | Reached skill level 5 in Bows
  7626 | D:8      | Reached skill level 5 in Crossbows
  7626 | D:8      | Reached skill level 5 in Throwing
  7626 | D:8      | Reached skill level 5 in Armour
  7626 | D:8      | Reached skill level 5 in Shields
  7626 | D:8      | Reached skill level 5 in Unarmed Combat
  7626 | D:8      | Reached skill level 5 in Evocations
  7676 | D:8      | Noticed Maurice
  7679 | D:8      | Killed Maurice
  7705 | D:8      | Reached skill level 7 in Dodging
  8719 | D:9      | Noticed Erolcha
  8769 | D:9      | HP: 7/74 [Erolcha/+0 giant club (26)]
  8772 | D:9      | Killed Erolcha
  8773 | D:9      | Reached skill level 7 in Stealth
  8773 | D:9      | Reached skill level 6 in Invocations
  8868 | D:9      | Noticed a centaur warrior
  8912 | D:9      | Killed a centaur warrior
  8950 | D:9      | Learned a level 1 spell: Foxfire
  8954 | D:9      | Learned a level 3 spell: Mephitic Cloud
  8958 | D:9      | Learned a level 3 spell: Ignite Poison
  8959 | D:9      | Reached * piety under Ashenzari
  9138 | D:9      | Reached XP level 11. HP: 81/81 MP: 11/22
  9345 | D:9      | Reached skill level 6 in Fighting
  9345 | D:9      | Reached skill level 6 in Short Blades
  9345 | D:9      | Reached skill level 6 in Long Blades
  9345 | D:9      | Reached skill level 6 in Axes
  9345 | D:9      | Reached skill level 6 in Maces & Flails
  9345 | D:9      | Reached skill level 6 in Polearms
  9345 | D:9      | Reached skill level 6 in Staves
  9345 | D:9      | Reached skill level 6 in Slings
  9345 | D:9      | Reached skill level 6 in Bows
  9345 | D:9      | Reached skill level 6 in Crossbows
  9345 | D:9      | Reached skill level 6 in Throwing
  9345 | D:9      | Reached skill level 6 in Armour
  9345 | D:9      | Reached skill level 6 in Shields
  9345 | D:9      | Reached skill level 6 in Unarmed Combat
  9345 | D:9      | Reached skill level 6 in Evocations
  9351 | D:9      | Reached skill level 5 in Conjurations
  9351 | D:9      | Reached skill level 5 in Hexes
  9351 | D:9      | Reached skill level 5 in Summonings
  9351 | D:9      | Reached skill level 5 in Necromancy
  9351 | D:9      | Reached skill level 5 in Translocations
  9351 | D:9      | Reached skill level 5 in Transmutations
  9351 | D:9      | Reached skill level 5 in Fire Magic
  9351 | D:9      | Reached skill level 5 in Air Magic
  9351 | D:9      | Reached skill level 5 in Earth Magic
  9351 | D:9      | Reached skill level 5 in Poison Magic
  9556 | D:9      | Reached skill level 8 in Spellcasting
 10033 | D:10     | Entered Level 10 of the Dungeon
 10114 | D:10     | Found a staircase to the Lair.
 10163 | D:10     | Noticed a two-headed ogre
 10194 | D:10     | Killed a two-headed ogre
 10536 | D:10     | Reached skill level 9 in Ice Magic
 10536 | D:10     | Reached skill level 7 in Invocations
 10547 | D:10     | Reached skill level 8 in Dodging
 10756 | D:10     | Identified the +8 hunting sling "Orb Guardian's Curse"
                  | {freeze, Dex+8}
 11175 | D:11     | Noticed Erica
 11247 | D:11     | Noticed a boulder beetle
 11388 | D:11     | Noticed a fire dragon
 11388 | D:11     | Noticed an ice dragon
 11389 | D:11     | Noticed a purple ugly thing
 11458 | Lair:1   | Entered Level 1 of the Lair of Beasts
 11826 | Lair:1   | Reached ** piety under Ashenzari
 11855 | Lair:1   | Reached skill level 8 in Stealth
 11870 | Lair:1   | Reached XP level 12. HP: 88/89 MP: 17/24
 12025 | Lair:1   | Learned a level 5 spell: Freezing Cloud
 12030 | Lair:1   | Learned a level 4 spell: Summon Ice Beast
 12064 | Lair:1   | Reached skill level 7 in Fighting
 12064 | Lair:1   | Reached skill level 7 in Short Blades
 12064 | Lair:1   | Reached skill level 7 in Long Blades
 12064 | Lair:1   | Reached skill level 7 in Axes
 12064 | Lair:1   | Reached skill level 7 in Maces & Flails
 12064 | Lair:1   | Reached skill level 7 in Polearms
 12064 | Lair:1   | Reached skill level 7 in Staves
 12064 | Lair:1   | Reached skill level 7 in Slings
 12064 | Lair:1   | Reached skill level 7 in Bows
 12064 | Lair:1   | Reached skill level 7 in Crossbows
 12064 | Lair:1   | Reached skill level 7 in Throwing
 12064 | Lair:1   | Reached skill level 7 in Armour
 12064 | Lair:1   | Reached skill level 7 in Shields
 12064 | Lair:1   | Reached skill level 7 in Unarmed Combat
 12064 | Lair:1   | Reached skill level 7 in Evocations
 12258 | Lair:1   | Reached skill level 6 in Conjurations
 12258 | Lair:1   | Reached skill level 6 in Hexes
 12258 | Lair:1   | Reached skill level 6 in Summonings
 12258 | Lair:1   | Reached skill level 6 in Necromancy
 12258 | Lair:1   | Reached skill level 6 in Translocations
 12258 | Lair:1   | Reached skill level 6 in Transmutations
 12258 | Lair:1   | Reached skill level 6 in Fire Magic
 12258 | Lair:1   | Reached skill level 6 in Air Magic
 12258 | Lair:1   | Reached skill level 6 in Earth Magic
 12258 | Lair:1   | Reached skill level 6 in Poison Magic
 12469 | Lair:1   | Reached skill level 8 in Invocations
 12817 | Lair:2   | Noticed a death yak
 12941 | Lair:2   | Reached skill level 9 in Spellcasting
 12955 | Lair:2   | Identified the +8 trident of Pride {elec, Str+3 SInv}
 12975 | Lair:2   | Noticed a five-headed hydra
 12981 | Lair:2   | Killed a five-headed hydra
 13185 | Lair:2   | Killed a death yak
 13409 | Lair:2   | Reached skill level 9 in Dodging
 13925 | Lair:3   | Reached *** piety under Ashenzari
 13942 | Lair:3   | Found a white marble altar of Elyvilon.
 14005 | Lair:3   | Found a staircase to the Snake Pit.
 14028 | Lair:3   | Noticed a death yak
 14035 | Lair:3   | Noticed a death yak
 14036 | Lair:3   | Noticed a death yak
 14065 | Lair:3   | Killed a death yak
 14068 | Lair:3   | Killed a death yak
 14070 | Lair:3   | Killed a death yak
 14107 | Lair:3   | Reached skill level 9 in Stealth
 14107 | Lair:3   | Reached XP level 13. HP: 94/101 MP: 28/28
 14260 | Lair:3   | Reached skill level 8 in Fighting
 14260 | Lair:3   | Reached skill level 8 in Short Blades
 14260 | Lair:3   | Reached skill level 8 in Long Blades
 14260 | Lair:3   | Reached skill level 8 in Axes
 14260 | Lair:3   | Reached skill level 8 in Maces & Flails
 14260 | Lair:3   | Reached skill level 8 in Polearms
 14260 | Lair:3   | Reached skill level 8 in Staves
 14260 | Lair:3   | Reached skill level 8 in Slings
 14260 | Lair:3   | Reached skill level 8 in Bows
 14260 | Lair:3   | Reached skill level 8 in Crossbows
 14260 | Lair:3   | Reached skill level 8 in Throwing
 14260 | Lair:3   | Reached skill level 8 in Armour
 14260 | Lair:3   | Reached skill level 8 in Shields
 14260 | Lair:3   | Reached skill level 8 in Unarmed Combat
 14260 | Lair:3   | Reached skill level 8 in Evocations
 14497 | Lair:3   | Reached skill level 9 in Invocations
 14623 | Lair:3   | Reached skill level 10 in Ice Magic
 14783 | Lair:3   | Noticed Fannar
 14808 | Lair:3   | Killed Fannar
 15424 | Lair:4   | Reached skill level 7 in Conjurations
 15424 | Lair:4   | Reached skill level 7 in Hexes
 15424 | Lair:4   | Reached skill level 7 in Summonings
 15424 | Lair:4   | Reached skill level 7 in Necromancy
 15424 | Lair:4   | Reached skill level 7 in Translocations
 15424 | Lair:4   | Reached skill level 7 in Transmutations
 15424 | Lair:4   | Reached skill level 7 in Fire Magic
 15424 | Lair:4   | Reached skill level 7 in Air Magic
 15424 | Lair:4   | Reached skill level 7 in Earth Magic
 15424 | Lair:4   | Reached skill level 7 in Poison Magic
 15719 | Lair:4   | Found a staircase to the Swamp.
 16034 | Lair:4   | Learned a level 2 spell: Ensorcelled Hibernation
 16894 | Lair:5   | Reached skill level 10 in Spellcasting
 16919 | Lair:5   | Found a frozen archway.
 17007 | IceCv    | Entered an ice cave
 17652 | IceCv    | Reached **** piety under Ashenzari
 17707 | IceCv    | Reached skill level 10 in Dodging
 17761 | IceCv    | Noticed a frost giant
 17762 | IceCv    | Reached XP level 14. HP: 111/111 MP: 19/30
 17792 | IceCv    | HP: 12/111 [frost giant/+2 battleaxe of freezing (26)]
 17796 | IceCv    | Killed a frost giant
 17948 | IceCv    | Reached skill level 9 in Fighting
 17948 | IceCv    | Reached skill level 9 in Short Blades
 17948 | IceCv    | Reached skill level 9 in Long Blades
 17948 | IceCv    | Reached skill level 9 in Axes
 17948 | IceCv    | Reached skill level 9 in Maces & Flails
 17948 | IceCv    | Reached skill level 9 in Polearms
 17948 | IceCv    | Reached skill level 9 in Staves
 17948 | IceCv    | Reached skill level 9 in Slings
 17948 | IceCv    | Reached skill level 9 in Bows
 17948 | IceCv    | Reached skill level 9 in Crossbows
 17948 | IceCv    | Reached skill level 9 in Throwing
 17948 | IceCv    | Reached skill level 9 in Armour
 17948 | IceCv    | Reached skill level 9 in Shields
 17948 | IceCv    | Reached skill level 9 in Unarmed Combat
 17948 | IceCv    | Reached skill level 9 in Evocations
 18009 | IceCv    | Reached skill level 10 in Stealth
 18488 | Lair:5   | Identified the +6 hunting sling "Keudd" {freeze, rPois
                  | Will- Int+6 Stlth+}
 18524 | Lair:5   | Found a white marble altar of Elyvilon.
 18678 | Lair:5   | Reached skill level 10 in Invocations
 18712 | Lair:5   | Found a viscous altar of Jiyva.
 18728 | Lair:5   | Found a staircase to the Slime Pits.
 19132 | Lair:6   | Entered Level 6 of the Lair of Beasts
 19530 | Lair:6   | Reached skill level 8 in Conjurations
 19530 | Lair:6   | Reached skill level 8 in Hexes
 19530 | Lair:6   | Reached skill level 8 in Summonings
 19530 | Lair:6   | Reached skill level 8 in Necromancy
 19530 | Lair:6   | Reached skill level 8 in Translocations
 19530 | Lair:6   | Reached skill level 8 in Transmutations
 19530 | Lair:6   | Reached skill level 8 in Fire Magic
 19530 | Lair:6   | Reached skill level 8 in Air Magic
 19530 | Lair:6   | Reached skill level 8 in Earth Magic
 19530 | Lair:6   | Reached skill level 8 in Poison Magic
 20013 | Lair:6   | Found the +3 pair of seven-league boots {Rampage+∞}
 20166 | Lair:6   | Reached XP level 15. HP: 120/120 MP: 21/31
 20394 | Lair:6   | Reached skill level 11 in Spellcasting
 20606 | Lair:6   | Identified the +1 robe of Okawaru's Supremacy {Will+
                  | Stlth+}
 20900 | D:11     | Noticed Nergalle
 20921 | D:11     | Killed Nergalle
 20982 | D:11     | Reached skill level 11 in Dodging
 20982 | D:11     | Reached skill level 11 in Ice Magic
 21074 | D:11     | Reached skill level 10 in Fighting
 21074 | D:11     | Reached skill level 10 in Short Blades
 21074 | D:11     | Reached skill level 10 in Long Blades
 21074 | D:11     | Reached skill level 10 in Axes
 21074 | D:11     | Reached skill level 10 in Maces & Flails
 21074 | D:11     | Reached skill level 10 in Polearms
 21074 | D:11     | Reached skill level 10 in Staves
 21074 | D:11     | Reached skill level 10 in Slings
 21074 | D:11     | Reached skill level 10 in Bows
 21074 | D:11     | Reached skill level 10 in Crossbows
 21074 | D:11     | Reached skill level 10 in Throwing
 21074 | D:11     | Reached skill level 10 in Armour
 21074 | D:11     | Reached skill level 10 in Shields
 21074 | D:11     | Reached skill level 10 in Unarmed Combat
 21074 | D:11     | Reached skill level 10 in Evocations
 21179 | D:11     | Found a staircase to the Orcish Mines.
 21401 | D:11     | Reached skill level 11 in Invocations
 21567 | D:11     | Identified the amulet of Plog {Regen+ Slay+2}
 21651 | D:11     | Learned a level 6 spell: Simulacrum
 21656 | D:11     | Learned a level 4 spell: Summon Lightning Spire
 21661 | D:11     | Learned a level 4 spell: Flame Wave
 21675 | D:11     | Killed Erica
 21676 | D:11     | Reached skill level 11 in Stealth
 22125 | D:12     | Noticed Snorg
 22133 | D:12     | Killed Snorg
 22261 | D:12     | Noticed a tengu reaver
 22626 | D:12     | Found a portal to a secret trove of treasure.
 22929 | D:12     | Killed a tengu reaver
 23355 | D:13     | Noticed Thargor's ghost (journeyman DjFE)
 23355 | D:13     | Identified the Disquisition on Clay
 23707 | D:13     | Identified the +4 halberd of Putrescence {speed, *Corrode
                  | rF+++ Dex+3}
 23749 | D:13     | Found a runed translucent door.
 24305 | D:13     | Found a gate to the Vaults.
 24668 | D:13     | Killed Thargor's ghost
 24900 | D:14     | Found a gate leading to a gauntlet.
 24928 | D:14     | Reached XP level 16. HP: 131/131 MP: 34/34
 24932 | Gauntlet | Entered a Gauntlet
 24932 | Gauntlet | Found a transporter.
 24932 | Gauntlet | Found a transporter.
 24940 | Gauntlet | Found a transporter.
 24944 | Gauntlet | Found a transporter.
 24956 | Gauntlet | Found a transporter.
 24957 | Gauntlet | Found a transporter.
 24964 | Gauntlet | Found a transporter.
 24978 | Gauntlet | Identified the amulet of Imuur {rF+ Regen+ rCorr Dex-4}
 24980 | Gauntlet | Found a transporter.
 24994 | Gauntlet | Found a transporter.
 24998 | Gauntlet | Found a transporter.
 24998 | Gauntlet | Identified the +7 falchion of Yrush {venom, rF+ Will+}
 25007 | Gauntlet | Found a transporter.
 25011 | Gauntlet | Found a transporter.
 25696 | D:14     | Found a hide-covered altar of Uskayaw.
 25823 | D:14     | Identified the +0 leather armour of the Nine of Wands
                  | {rF++}
 25840 | D:14     | Found Gurocs's One-of-a-Kind Rings.
 25844 | D:14     | Bought the ring "Mugoc" {Fly rPois rCorr} for 566 gold
                  | pieces
 25844 | D:14     | Bought the ring of Jetam {rPois AC+4 Int+8} for 1088 gold
                  | pieces
 25859 | D:14     | Identified Sif Muna's Catalogue of Torrid Beguiling
 26034 | D:14     | Reached skill level 9 in Conjurations
 26034 | D:14     | Reached skill level 9 in Hexes
 26034 | D:14     | Reached skill level 9 in Summonings
 26034 | D:14     | Reached skill level 9 in Necromancy
 26034 | D:14     | Reached skill level 9 in Translocations
 26034 | D:14     | Reached skill level 9 in Transmutations
 26034 | D:14     | Reached skill level 9 in Fire Magic
 26034 | D:14     | Reached skill level 9 in Air Magic
 26034 | D:14     | Reached skill level 9 in Earth Magic
 26034 | D:14     | Reached skill level 9 in Poison Magic
 26592 | D:15     | Entered Level 15 of the Dungeon
 26697 | D:15     | Found Emnicig's Antique Armour Emporium.
 26950 | D:15     | Noticed Luoshulo's ghost (journeyman DsBe)
 26997 | D:15     | Found a runed translucent gate.
 27021 | D:15     | Found a broken altar of Ashenzari.
 27161 | D:15     | Bought a pair of jewelled gloves for 285 gold pieces
 27161 | D:15     | Identified the +0 pair of gloves of Rueg Gas {Regen+ Str+3}
                  | (You bought it in a shop on level 15 of the Dungeon)
 27501 | D:15     | Identified Roxanne's Collected Works on Earth
 27501 | D:15     | Noticed Roxanne
 27520 | D:15     | Killed Roxanne
 27521 | D:15     | Reached skill level 12 in Spellcasting
 27568 | D:15     | Found a staircase to the Depths.
 27750 | D:15     | Found a runed translucent gate.
 27750 | D:15     | Found a runed translucent gate.
 27755 | D:15     | Identified the +3 chain mail of Onte {+Blink rPois rF- rC+}
 27758 | D:15     | Identified the +0 cloak of the Fiddle {Regen+ Dex+10
                  | Slay-4}
 27806 | D:15     | Killed Luoshulo's ghost
 27807 | D:15     | Reached skill level 11 in Fighting
 27807 | D:15     | Reached skill level 11 in Short Blades
 27807 | D:15     | Reached skill level 11 in Long Blades
 27807 | D:15     | Reached skill level 11 in Axes
 27807 | D:15     | Reached skill level 11 in Maces & Flails
 27807 | D:15     | Reached skill level 11 in Polearms
 27807 | D:15     | Reached skill level 11 in Staves
 27807 | D:15     | Reached skill level 11 in Slings
 27807 | D:15     | Reached skill level 11 in Bows
 27807 | D:15     | Reached skill level 11 in Crossbows
 27807 | D:15     | Reached skill level 11 in Throwing
 27807 | D:15     | Reached skill level 11 in Armour
 27807 | D:15     | Reached skill level 11 in Shields
 27807 | D:15     | Reached skill level 11 in Unarmed Combat
 27807 | D:15     | Reached skill level 11 in Evocations
 28288 | Snake:1  | Entered Level 1 of the Snake Pit
 28827 | Snake:1  | Found a glowing silver altar of Zin.
 28835 | Snake:1  | Reached skill level 12 in Invocations
 29360 | Snake:1  | Reached skill level 12 in Dodging
 29579 | Snake:1  | Found a runed translucent gate.
 29580 | Snake:1  | Found a runed translucent gate.
 29580 | Snake:1  | Found a runed translucent gate.
 29581 | Snake:1  | Noticed Timehuis's ghost (adept FoAr)
 29581 | Snake:1  | Noticed Laem's ghost (adept DgAE)
 29582 | Snake:1  | Noticed Laem's ghost (adept DgAE)
 29583 | Snake:1  | Noticed Zoites's ghost (adept NaFi)
 29583 | Snake:1  | Noticed Roink's ghost (adept TrMo)
 30303 | Snake:2  | Reached skill level 12 in Stealth
 30415 | Snake:2  | Noticed Saint Roka
 30619 | Snake:2  | Found Veitramn's Antique Armour Boutique.
 30624 | Snake:2  | Found Sutsivu's Magic Scroll Boutique.
 30847 | Snake:2  | Reached XP level 17. HP: 116/139 MP: 32/36
 31227 | Snake:2  | Found a stormy altar of Qazlal.
 31394 | Snake:2  | Killed Saint Roka
 31395 | Snake:2  | Reached skill level 12 in Ice Magic
 32032 | Snake:3  | Found Rautumo's Weapon Shop.
 32338 | Snake:3  | Found a runed translucent gate.
 32339 | Snake:3  | Found a runed translucent gate.
 32340 | Snake:3  | Found a runed translucent gate.
 32800 | Snake:3  | Identified a scroll of acquirement
 32840 | Snake:3  | Reached skill level 10 in Conjurations
 32840 | Snake:3  | Reached skill level 10 in Hexes
 32840 | Snake:3  | Reached skill level 10 in Summonings
 32840 | Snake:3  | Reached skill level 10 in Necromancy
 32840 | Snake:3  | Reached skill level 10 in Translocations
 32840 | Snake:3  | Reached skill level 10 in Transmutations
 32840 | Snake:3  | Reached skill level 10 in Fire Magic
 32840 | Snake:3  | Reached skill level 10 in Air Magic
 32840 | Snake:3  | Reached skill level 10 in Earth Magic
 32840 | Snake:3  | Reached skill level 10 in Poison Magic
 33285 | Snake:4  | Entered Level 4 of the Snake Pit
 33382 | Snake:4  | Reached skill level 13 in Invocations
 33403 | Snake:4  | Reached skill level 12 in Fighting
 33403 | Snake:4  | Reached skill level 12 in Short Blades
 33403 | Snake:4  | Reached skill level 12 in Long Blades
 33403 | Snake:4  | Reached skill level 12 in Axes
 33403 | Snake:4  | Reached skill level 12 in Maces & Flails
 33403 | Snake:4  | Reached skill level 12 in Polearms
 33403 | Snake:4  | Reached skill level 12 in Staves
 33403 | Snake:4  | Reached skill level 12 in Slings
 33403 | Snake:4  | Reached skill level 12 in Bows
 33403 | Snake:4  | Reached skill level 12 in Crossbows
 33403 | Snake:4  | Reached skill level 12 in Throwing
 33403 | Snake:4  | Reached skill level 12 in Armour
 33403 | Snake:4  | Reached skill level 12 in Shields
 33403 | Snake:4  | Reached skill level 12 in Unarmed Combat
 33403 | Snake:4  | Reached skill level 12 in Evocations
 33521 | Snake:4  | Noticed Bai Suzhen
 33588 | Snake:3  | Upgraded the game from 0.29-a0-383-g8b6f518c11 to
                  | 0.29-a0-393-g47a863cc1b
 33641 | Snake:4  | Reached skill level 13 in Spellcasting
 33883 | Snake:4  | Reached XP level 18. HP: 139/149 MP: 37/37
 34034 | Snake:4  | Reached skill level 13 in Dodging
 34233 | Snake:4  | Reached skill level 13 in Stealth
 34346 | Snake:4  | Got a serpentine rune of Zot
 35246 | Orc:1    | Entered Level 1 of the Orcish Mines
 35608 | Orc:1    | Noticed Harold
 35613 | Orc:1    | Killed Harold
 35618 | Orc:1    | Acquired 686 gold pieces
 35660 | Orc:2    | Entered Level 2 of the Orcish Mines
 35975 | Orc:2    | Found Kifir See's General Store.
 36171 | Orc:2    | Found a staircase to the Elven Halls.
 36232 | Orc:2    | Found Lireosam's Jewellery Emporium.
 36281 | Orc:2    | Found Pegho's Antique Weapon Shoppe.
 36342 | Orc:2    | Found Leseuraw's Antique Armour Boutique.
 37129 | Swamp:1  | Entered Level 1 of the Swamp
 37955 | Swamp:2  | Learned a level 6 spell: Iron Shot
 38689 | Swamp:3  | Reached XP level 19. HP: 110/153 MP: 34/38
 39236 | Swamp:3  | Reached skill level 14 in Invocations
 39430 | Swamp:3  | Identified a lightning rod (4/4)
 39575 | Swamp:3  | Noticed a tentacled monstrosity
 39600 | Swamp:3  | Killed a tentacled monstrosity
 39601 | Swamp:3  | Reached skill level 11 in Conjurations
 39601 | Swamp:3  | Reached skill level 11 in Hexes
 39601 | Swamp:3  | Reached skill level 11 in Summonings
 39601 | Swamp:3  | Reached skill level 11 in Necromancy
 39601 | Swamp:3  | Reached skill level 11 in Translocations
 39601 | Swamp:3  | Reached skill level 11 in Transmutations
 39601 | Swamp:3  | Reached skill level 11 in Fire Magic
 39601 | Swamp:3  | Reached skill level 11 in Air Magic
 39601 | Swamp:3  | Reached skill level 11 in Earth Magic
 39601 | Swamp:3  | Reached skill level 11 in Poison Magic
 39691 | Swamp:3  | Reached skill level 13 in Ice Magic
 39725 | Swamp:3  | Noticed Kirke
 39738 | Swamp:3  | Killed Kirke
 39738 | Swamp:3  | Identified the cursed +2 cloak "Overhang to Understand"
                  | {rCorr, Elem, Fort} (You took it off Maurice on level 8 of
                  | the Dungeon)
 39738 | Swamp:3  | Identified the cursed +2 kite shield "Esoteric Seer" {AC+3,
                  | Elem, Evo} (You took it off a naga warrior on level 4 of
                  | the Snake Pit)
 39738 | Swamp:3  | Identified the cursed ring "Morality of the Sphere" {AC+4,
                  | Self, Melee} (You found it on level 2 of the Lair of
                  | Beasts)
 39775 | Swamp:3  | Reached skill level 13 in Fighting
 39775 | Swamp:3  | Reached skill level 13 in Short Blades
 39775 | Swamp:3  | Reached skill level 13 in Long Blades
 39775 | Swamp:3  | Reached skill level 13 in Axes
 39775 | Swamp:3  | Reached skill level 13 in Maces & Flails
 39775 | Swamp:3  | Reached skill level 13 in Polearms
 39775 | Swamp:3  | Reached skill level 13 in Staves
 39775 | Swamp:3  | Reached skill level 13 in Slings
 39775 | Swamp:3  | Reached skill level 13 in Bows
 39775 | Swamp:3  | Reached skill level 13 in Crossbows
 39775 | Swamp:3  | Reached skill level 13 in Throwing
 39775 | Swamp:3  | Reached skill level 13 in Armour
 39775 | Swamp:3  | Reached skill level 13 in Shields
 39775 | Swamp:3  | Reached skill level 13 in Unarmed Combat
 39775 | Swamp:3  | Reached skill level 13 in Evocations
 39950 | Swamp:4  | Entered Level 4 of the Swamp
 40578 | Swamp:4  | Reached skill level 14 in Spellcasting
 40763 | Swamp:4  | Got a decaying rune of Zot
 41182 | Swamp:4  | Noticed Donald
 41196 | Swamp:4  | Killed Donald
 41197 | Swamp:4  | Reached skill level 14 in Dodging
 41841 | Vaults:1 | Entered Level 1 of the Vaults
 42049 | Vaults:1 | Reached skill level 14 in Stealth
 42332 | Vaults:1 | Learned a level 4 spell: Airstrike
 42395 | Vaults:1 | Found the +7 great mace "Firestarter" {inner flame, rF++}
 42433 | Vaults:1 | Reached XP level 20. HP: 162/162 MP: 40/40
 42467 | Vaults:1 | Found Moybogge's Magic Scroll Emporium.
 42479 | Vaults:1 | Found Edey's Book Shop.
 42620 | Vaults:1 | Found Ruenar Kec's Assorted Antiques.
 42675 | Vaults:1 | Cast into level 2 of the Abyss (a wizard)
 42683 | Abyss:2  | Noticed an ancient lich
 42783 | Vaults:1 | Escaped the Abyss
 43550 | Vaults:1 | Found Pamudu's Armour Emporium.
 44104 | Vaults:2 | Found a runed translucent door.
 44104 | Vaults:2 | Noticed Weosaxue's ghost (adept GrEE)
 44218 | Vaults:2 | Found Eqynorac's Weapon Shop.
 44239 | Vaults:2 | Noticed Sojobo
 44244 | Vaults:2 | Reached skill level 15 in Invocations
 44248 | Vaults:2 | Paralysed by an air elemental for 1 turns
 44254 | Vaults:2 | Paralysed by an air elemental for 1 turns
 44257 | Vaults:2 | Paralysed by an air elemental for 1 turns
 44260 | Vaults:2 | Paralysed by an air elemental for 1 turns
 44264 | Vaults:2 | Paralysed by an air elemental for 1 turns
 44268 | Vaults:2 | Paralysed by an air elemental for 1 turns
 44270 | Vaults:2 | Paralysed by an air elemental for 1 turns
 44341 | Vaults:2 | Paralysed by an air elemental for 1 turns
 44347 | Vaults:2 | Paralysed by an air elemental for 1 turns
 44357 | Vaults:1 | Paralysed by an air elemental for 1 turns
 44364 | Vaults:1 | Killed Sojobo
 44965 | Vaults:2 | Reached skill level 14 in Fighting
 44965 | Vaults:2 | Reached skill level 14 in Short Blades
 44965 | Vaults:2 | Reached skill level 14 in Long Blades
 44965 | Vaults:2 | Reached skill level 14 in Axes
 44965 | Vaults:2 | Reached skill level 14 in Maces & Flails
 44965 | Vaults:2 | Reached skill level 14 in Polearms
 44965 | Vaults:2 | Reached skill level 14 in Staves
 44965 | Vaults:2 | Reached skill level 14 in Slings
 44965 | Vaults:2 | Reached skill level 14 in Bows
 44965 | Vaults:2 | Reached skill level 14 in Crossbows
 44965 | Vaults:2 | Reached skill level 14 in Throwing
 44965 | Vaults:2 | Reached skill level 14 in Armour
 44965 | Vaults:2 | Reached skill level 14 in Shields
 44965 | Vaults:2 | Reached skill level 14 in Unarmed Combat
 44965 | Vaults:2 | Reached skill level 14 in Evocations
 44998 | Vaults:2 | Paralysed by a sphinx for 5 turns
 45005 | Vaults:2 | HP: 24/164 [??? (22)]
 45009 | Vaults:2 | HP: 9/164 [death knight/+0 great sword (18)]
 45256 | Vaults:2 | Found a staircase to the Crypt.
 45323 | Vaults:2 | Killed Weosaxue's ghost
 45532 | Vaults:3 | Reached skill level 12 in Conjurations
 45532 | Vaults:3 | Reached skill level 12 in Hexes
 45532 | Vaults:3 | Reached skill level 12 in Summonings
 45532 | Vaults:3 | Reached skill level 12 in Necromancy
 45532 | Vaults:3 | Reached skill level 12 in Translocations
 45532 | Vaults:3 | Reached skill level 12 in Transmutations
 45532 | Vaults:3 | Reached skill level 12 in Fire Magic
 45532 | Vaults:3 | Reached skill level 12 in Air Magic
 45532 | Vaults:3 | Reached skill level 12 in Earth Magic
 45532 | Vaults:3 | Reached skill level 12 in Poison Magic
 45591 | Vaults:3 | Reached XP level 21. HP: 168/171 MP: 21/41
 45628 | Vaults:3 | Noticed Mennas
 45721 | Vaults:3 | HP: 35/171 [Mennas/+2 eudemon blade of holy wrath (15)]
 45726 | Vaults:3 | HP: 25/171 [Mennas/+2 eudemon blade of holy wrath (20)]
 45737 | Vaults:2 | HP: 41/171 [Mennas/+2 eudemon blade of holy wrath (1)]
 46101 | Snake:1  | Killed Timehuis's ghost
 46107 | Snake:1  | Killed Zoites's ghost
 46110 | Snake:1  | HP: 40/160 [Laem's ghost/static electricity (4)]
 46115 | Snake:1  | HP: 40/160 [Laem's ghost (7)]
 46118 | Snake:1  | HP: 3/157 [Laem's ghost/freezing blast (20)]
 46119 | Snake:1  | Engulfed by Laem's ghost's freezing vapour

Illustrated notes

Levels and vault maps discovered:
D:1:      dpeg_arrival_arbitrary_a, layout_loops_ring,
          dilly_ecumenical_altar_fadedgnrine, serial_bayou_crossing
D:2:      layout_loops_cross, serial_shops, nicolae_shop_statue_plus
D:3:      layout_basic, mainiacjoe_overflow_alcove_2, cheibrodos_gnoll_hut,
          uniq_sigmund
D:4:      layout_gridville, gammafunk_ghost_necromancy,
          chequers_serial_rivers_micro_e, uniq_pikel, uniq_robin
D:5:      lemuel_castle_with_subvaults [lemuel_castle_interior_carwin_1],
          layout_basic, kennysheep_pointless_box
D:6:      nicolae_cairo_tiling_large, layout_loops_cross,
          minmay_temple_entry_sparse_star, hangedman_decor_lopped, uniq_duvessa
D:7:      layout_rooms, hangedman_decor_opposing, kennysheep_generic_room_13
D:8:      layout_rooms, serial_shops, nicolae_stop_n_shop_1,
          minmay_diced_spiral, uniq_maurice
D:9:      hellmonk_crumbling_castle, layout_irregular_city,
          hangedman_decor_growths, uniq_erolcha
D:10:     layout_gridville, dpeg_oklobed_lair
D:11:     minmay_the_grid_four_pointed_star
          [minmay_the_grid_triangle_9x9_minimal,
          minmay_the_grid_triangle_9x9_corruption,
          minmay_the_grid_triangle_9x9_sparse_checkered,
          minmay_the_grid_triangle_9x9_checkered,
          minmay_the_grid_prize_inner_circle], layout_irregular_city,
          hiddenorc2_lemuel, uniq_erica, uniq_nergalle
D:12:     layout_rooms, nicolae_trove_entry_columns, kennysheep_island_fort,
          uniq_snorg
D:13:     layout_layer_cave, david_vaults_4, hellmonk_ghost_big_iron
D:14:     layout_basic, kennysheep_cross_landing, gauntlet_entry_generic,
          nicolae_shop_unique_rings, minmay_misc_feat_rows,
          eat_drink_and_be_merry_uskayaw
D:15:     grunt_enter_depths_giant_problem, layout_rooms,
          biasface_ghost_orc_armoury, nicolae_ashenzari_panopticon,
          serial_aquarium, aquarium_bridge_straight [aquarium_subvault_bridge,
          aquarium_subvault_window, aquarium_subvault_bridge,
          aquarium_subvault_window], aquarium_window_corner,
          aquarium_window_fake, aquarium_window_fake, aquarium_window_fake,
          aquarium_view_2a, serial_shops, nicolae_shop_crystal, uniq_roxanne
Temple:   kilobyte_greek_temple
Lair:1:   layout_loops_ring, wad_woods_river_02, beast_lair_carwin_1,
          infiniplex_staircase_pool_2
Lair:2:   layout_roguey, patterned_corridor, grunt_megastairs_1,
          serial_bayou_shore_b
Lair:3:   layout_chaotic_city, minmay_snake_entry_guardpost_small,
          serial_bayou_lagoon_a, lemuel_oklob_altar, lemuel_fruit_fields,
          uniq_fannar
Lair:4:   layout_layer_cave, nicolae_swamp_entry_splash_gauntlet,
          grunt_megastairs_2, lemuel_fruit_tree
Lair:5:   layout_misc_corridors, slime_altar_1, special_room
          [special_room_mythical_zoo], portal_ice_cave_entry_imps, basic_altar
Lair:6:   grunt_lair_end_beastmaster, layout_regular_city,
          hellmonk_guarded_unrand_seven_league_boots, serial_bayou_shore_b
Swamp:1:  layout_basic_swamp, evilmike_swamp_ruin_house_4
Swamp:2:  layout_basic_swamp, nicolae_swamp_big_swirl
Swamp:3:  nzn_winding_woodlands_three_and_one [nzn_winding_woodlands_5x15_cabin,
          nzn_winding_woodlands_5x15_eye, nzn_winding_woodlands_5x15_zeroes,
          nzn_winding_woodlands_center_diamonds], layout_falls_marsh,
          evilmike_swamp_ruin_house_2, uniq_kirke
Swamp:4:  swamp_vile, layout_basic_swamp, swamp_pool2, hangedman_swamp_lotus,
          infiniplex_staircase_pool, uniq_donald
Snake:1:  layout_basic, basic_altar, gammafunk_ghost_cemetery,
          grunt_megastairs_4
Snake:2:  layout_chambers, basic_altar, beargit_elvish_explorers,
          minmay_shop_star, uniq_saint_roka
Snake:3:  layout_cave_town, serial_shops, nicolae_stop_n_shop_2, st_stairs_14,
          nicolae_snake_horde_hoard
Snake:4:  grunt_snake_rune_pools, layout_cave_town, uniq_bai_suzhen
Orc:1:    layout_diamond_mine, uniq_harold
Orc:2:    grunt_orc_gardens, layout_caves, grunt_orc_garden, grunt_orc_garden,
          grunt_orc_garden, grunt_orc_garden, minmay_orc_temple_b
Vaults:1: nicolae_vaults_network_s, vaults_room_octagon, grunt_vaults_bifocal,
          nicolae_vaults_arrows, st_hourglassy, grunt_vaults_focal,
          ontoclasm_vaults_ring_large, vaults_standard_mumra_enter_the_diamond,
          v_misc_26, ontoclasm_vaults_decontamination,
          vaults_room_grunt_arrival_ludios, nicolae_vaults_theta,
          vaults_room_pools, hangedman_vaults_slice, layout_vaults_omnicross,
          serial_shops, shop, shop_statue, nicolae_shop_behind_doors,
          nicolae_shop_window_shopping
Vaults:2: ebering_ghost_inner_flame, blue_anna_dwarven_crypt,
          hangedman_vaults_cutoff, nicolae_vaults_what_the_h,
          nicolae_vaults_circle_grid_b, hangedman_vaults_river_flow,
          hangedman_vaults_stitches, vaults_dpeg_doors, v_alt_pattern_4,
          hangedman_vaults_cutoff, ontoclasm_vaults_gateway,
          nicolae_vaults_alarming, nicolae_vaults_little_squares_4,
          ontoclasm_vaults_misaligned, layout_vaults_omnibox, serial_shops,
          shop, uniq_sojobo
Vaults:3: v_pattern_4, v_misc_5, v_alt_pattern_6, dpeg_vaults_waves,
          nicolae_vaults_network_quinsquares
          [nicolae_vaults_network_quincunx_subvault,
          nicolae_vaults_network_quincunx_subvault,
          nicolae_vaults_network_quincunx_subvault,
          nicolae_vaults_network_quincunx_subvault],
          nicolae_vaults_border_crossing, v_misc_10, layout_vaults_chaotic_city,
          uniq_mennas

Skill      XL: |  1  2  3  4  5  6  7  8  9 10 11 12 13 14 15 16 17 18 19 20 |
---------------+-------------------------------------------------------------+-----
Spellcasting   | 5 6 7 8 9 10 11 12 13 14 | 14.9
Fighting       | 1 2 3 4 5 6 7 8 9 10 11 12 13 14 | 14.1
Short Blades   | 1 2 3 4 5 6 7 8 9 10 11 12 13 14 | 14.1
Long Blades    | 1 2 3 4 5 6 7 8 9 10 11 12 13 14 | 14.1
Axes           | 1 2 3 4 5 6 7 8 9 10 11 12 13 14 | 14.1
Maces & Flails | 1 2 3 4 5 6 7 8 9 10 11 12 13 14 | 14.1
Polearms       | 1 2 3 4 5 6 7 8 9 10 11 12 13 14 | 14.1
Staves         | 1 2 3 4 5 6 7 8 9 10 11 12 13 14 | 14.1
Slings         | 1 2 3 4 5 6 7 8 9 10 11 12 13 14 | 14.1
Bows           | 1 2 3 4 5 6 7 8 9 10 11 12 13 14 | 14.1
Crossbows      | 1 2 3 4 5 6 7 8 9 10 11 12 13 14 | 14.1
Throwing       | 1 2 3 4 5 6 7 8 9 10 11 12 13 14 | 14.1
Armour         | 1 2 3 4 5 6 7 8 9 10 11 12 13 14 | 14.1
Shields        | 1 2 3 4 5 6 7 8 9 10 11 12 13 14 | 14.1
Unarmed Combat | 1 2 3 4 5 6 7 8 9 10 11 12 13 14 | 14.1
Invocations    | 1 2 3 4 5 6 7 8 9 10 11 12 13 14 15 | 15.3
Evocations     | 1 2 3 4 5 6 7 8 9 10 11 12 13 14 | 14.1
Conjurations   | 1 2 3 4 5 6 7 8 9 10 11 12 | 12.0
Hexes          | 1 2 3 4 5 6 7 8 9 10 11 12 | 12.0
Summonings     | 1 2 3 4 5 6 7 8 9 10 11 12 | 12.0
Necromancy     | 1 2 3 4 5 6 7 8 9 10 11 12 | 12.0
Translocations | 1 2 3 4 5 6 7 8 9 10 11 12 | 12.0
Transmutations | 1 2 3 4 5 6 7 8 9 10 11 12 | 12.0
Fire Magic     | 1 2 3 4 5 6 7 8 9 10 11 12 | 12.0
Air Magic      | 1 2 3 4 5 6 7 8 9 10 11 12 | 12.0
Earth Magic    | 1 2 3 4 5 6 7 8 9 10 11 12 | 12.0
Poison Magic   | 1 2 3 4 5 6 7 8 9 10 11 12 | 12.0
Dodging        | 5 6 7 8 9 10 11 12 13 14 | 14.8
Stealth        | 5 6 7 8 9 10 11 12 13 14 | 14.7
Ice Magic      | 8 9 10 11 12 13 | 13.8

Action                   |  1- 3 |  4- 6 |  7- 9 | 10-12 | 13-15 | 16-18 | 19-21 || total
-------------------------+-------+-------+-------+-------+-------+-------+-------++-------
Melee: Dagger            |    48 |    23 |   231 |    81 |       |       |       ||   383
       Bite              |     8 |     5 |    28 |    56 |   100 |   121 |   160 ||   478
       War axe           |       |    15 |       |       |       |       |       ||    15
       Punch             |       |     1 |     6 |    10 |       |       |       ||    17
       Staff             |       |       |       |   277 |   660 |   848 |   939 ||  2724
       Unarmed           |       |       |       |       |       |       |     2 ||     2
 Fire: Hunting sling     |       |       |   267 |    66 |       |       |       ||   333
Throw: Boomerang         |       |       |       |   135 |       |       |       ||   135
       Javelin           |       |       |       |    24 |    77 |    69 |       ||   170
 Cast: Freeze            |    23 |     9 |       |    11 |       |       |       ||    43
       Frozen Ramparts   |     2 |     4 |    26 |    43 |    37 |    37 |    10 ||   159
       Ozocubu's Armour  |     1 |     4 |    21 |    36 |    39 |    39 |    31 ||   171
       Foxfire           |       |       |       |    51 |   610 |   106 |    25 ||   792
       Freezing Cloud    |       |       |       |     9 |    60 |   102 |    79 ||   250
       Summon Ice Beast  |       |       |       |     4 |     1 |       |       ||     5
       Mephitic Cloud    |       |       |       |     1 |    26 |    10 |     5 ||    42
       Ignite Poison     |       |       |       |     1 |    18 |     8 |     6 ||    33
       Flame Wave        |       |       |       |       |       |     7 |       ||     7
       Simulacrum        |       |       |       |       |       |     2 |       ||     2
       Summon Lightning  |       |       |       |       |       |     1 |     3 ||     4
       Iron Shot         |       |       |       |       |       |       |     8 ||     8
Invok: Curse Item        |       |       |     1 |     4 |     4 |     2 |     1 ||    12
       Shatter the Chain |       |       |       |       |     2 |     3 |       ||     5
Evoke: Wand              |       |       |       |       |       |     1 |       ||     1
       Box of beasts     |       |       |       |       |       |       |     1 ||     1
       Condenser vane    |       |       |       |       |       |       |     1 ||     1
  Use: Scroll            |       |       |    11 |    10 |     2 |     6 |     4 ||    33
       Potion            |       |       |       |       |       |       |     3 ||     3
 Stab: Sleeping          |     4 |     2 |     3 |     3 |     4 |     4 |     8 ||    28
       Distracted        |       |       |       |       |     2 |     5 |     3 ||    10
       Confused          |       |       |       |       |       |     2 |     4 ||     6
Armor: Robe              |     9 |    21 |    24 |       |       |       |       ||    54
       Troll leather arm |       |       |    72 |   127 |   217 |    24 |       ||   440
       Ring mail         |       |       |       |       |       |   312 |   495 ||   807
Dodge: Dodged            |    41 |    45 |   264 |   344 |   437 |   281 |   371 ||  1783
Block: Buckler           |       |       |       |    18 |    96 |       |       ||   114
       Kite shield       |       |       |       |       |   296 |   510 |   566 ||  1372

Table legend: (Time is in decaauts)
 A = Elapsed time spent in this place.
 B = Non-inter-level travel time spent in this place.
 C = Inter-level travel time spent in this place.
 D = Time resting spent in this place.
 E = Time spent auto-exploring this place.
 F = Levels seen in this place.
 G = Mean time per level.
                   A        B        C        D        E       F      G
               +--------+--------+--------+--------+--------+-----+--------+
         Total |  45869 |  41294 |   4575 |    877 |  29230 |  38 | 1207.1 |
       Dungeon |  18551 |  16473 |   2078 |    265 |  12102 |  15 | 1236.7 |
        Temple |    266 |    222 |     44 |      0 |    215 |   1 |  266.0 |
          Lair |   8517 |   7450 |   1067 |     18 |   5575 |   6 | 1419.5 |
         Swamp |   4689 |   4319 |    370 |    144 |   2914 |   4 | 1172.2 |
     Snake Pit |   6369 |   5844 |    525 |     44 |   4272 |   4 | 1592.2 |
  Orcish Mines |   1656 |   1566 |     90 |      0 |   1159 |   2 |  828.0 |
        Vaults |   3764 |   3365 |    399 |     39 |   2211 |   3 | 1254.7 |
         Abyss |    106 |    106 |      0 |      0 |      6 |   1 |  106.0 |
      Ice Cave |   1262 |   1262 |      0 |    159 |    577 |   1 | 1262.0 |
      Gauntlet |    685 |    685 |      0 |    208 |    197 |   1 |  685.0 |
               +--------+--------+--------+--------+--------+-----+--------+

Top non-repeatable levels by time:
Vaults:1: 2153 daAuts
 Snake:2: 1863 daAuts
  Lair:4: 1689 daAuts
  Lair:1: 1653 daAuts
 Swamp:3: 1612 daAuts
    D:13: 1587 daAuts
     D:5: 1574 daAuts
 Snake:1: 1573 daAuts
    D:11: 1567 daAuts
  Lair:6: 1559 daAuts
     D:9: 1538 daAuts
  Lair:3: 1529 daAuts
 Snake:4: 1526 daAuts
 Swamp:4: 1518 daAuts
Vaults:2: 1406 daAuts

Table legend:
 A = Kills in this place as a percentage of kills in entire the game.
 B = Kills by you in this place as a percentage of kills by you in the entire game.
 C = Kills by friends in this place as a percentage of kills by friends in the entire game.
 D = Other kills in this place as a percentage of other kills in the entire game.
 E = Experience gained in this place as a percentage of experience gained in the entire game.
 F = Experience gained in this place divided by the number of levels of this place that you have seen.
                   A       B       C       D       E      F
               +-------+-------+-------+-------+-------+----------------------
         Total | 100.0 | 100.0 | 100.0 | 100.0 | 100.0 | 13079.9
       Dungeon |  32.5 |  32.9 |  14.3 |   8.3 |  15.3 | 5081.2
          Lair |  17.4 |  17.6 |  14.3 |   0.0 |  13.4 | 11107.2
         Swamp |  11.8 |  11.4 |   0.0 |  66.7 |  16.2 | 20080.2
     Snake Pit |  16.0 |  16.1 |   0.0 |  16.7 |  25.1 | 31248.5
  Orcish Mines |   6.1 |   6.2 |   0.0 |   0.0 |   3.0 | 7466.5
        Vaults |  11.8 |  11.6 |  71.4 |   0.0 |  23.8 | 39448.7
         Abyss |   0.1 |   0.2 |   0.0 |   0.0 |   0.0 |   0.0
      Ice Cave |   3.4 |   3.4 |   0.0 |   8.3 |   2.5 | 12562.0
      Gauntlet |   0.8 |   0.8 |   0.0 |   0.0 |   0.6 | 3021.0
               +-------+-------+-------+-------+-------+----------------------
